[Event "Early-Titled-Tuesday-Blitz-July-09-2024"]
[Site "Chess.com"]
[Date "2024.07.09"]
[Round "2"]
[White "wild3000"]
[Black "NowInChess"]
[Result "1-0"]
[WhiteElo "2465"]
[BlackElo "2197"]
[TimeControl "180+1"]
[EndTime "8:17:44 PDT"]
[Termination "wild3000 won by resignation"]

1. d4 Nf6 2. Nf3 g6 3. e3 Bg7 4.
Be2 O-O 5. O-O d6 6. b3 Nbd7 7.
Bb2 e5 8. c4 e4 9. Nfd2 Re8 10.
Nc3 Nf8 11. Qc2 Bf5 12. b4 h5 13. a4 Ne6 14. b5 Nxd4 15. exd4 e3 16. Bd3 Bxd3 17. Qxd3 exd2 18. Qxd2 Ne4 19. Nxe4 Rxe4 20. Rfe1 Rxe1+ 21. Rxe1 Qd7 22. Qe2 Kf8 23. Qf3 Re8 24. Rd1 c6 25. Kf1 d5 26. Ba3+ Kg8 27. Bc5 dxc4 28.
bxc6 Qxc6 29. Qxc6 bxc6 30. Rc1 a6 31. Rxc4 Rd8 32.
Ke2 f5 33. Kd3 Kf7 34. Bb4 Rb8 35. Bc3 Rc8 36. d5 Rd8 37. Rxc6 Rxd5+ 38. Kc2 Bxc3 39. Kxc3 Ra5 40. Kb4 Rd5 41. Rxa6 Rd2 42. f4 Rxg2 43. Ra7+ Kf6 44. a5 Rxh2 45. Ra6+ Kf7 46. Rc6 Rf2 47.
Rc4 h4 48. a6 h3 49. Rc7+ Kf6 50. Rh7 h2 51. Kb5 Rb2+ 52. Kc6 Ra2 53. Kb6 Rb2+ 54. Kc7 Ra2 55. Kb7 Rb2+ 56. Ka8 Ra2 57. a7 g5 58. Rh6+ Kg7 59. fxg5 f4 60. Kb7 f3 61. Rxh2 Rxa7+ 62. Kxa7 Kg6 63. Rf2 1-0

[Event "Early-Titled-Tuesday-Blitz-July-09-2024"]
[Site "Chess.com"]
[Date "2024.07.09"]
[Round "2"]
[White "kripri"]
[Black "arenal72"]
[Result "0-1"]
[WhiteElo "2322"]
[BlackElo "2711"]
[TimeControl "180+1"]
[EndTime "8:17:45 PDT"]
[Termination "arenal72 won by resignation"]

1. e4 Nc6 2. d4 d5 3. e5 Bf5 4.
Nf3 Qd7 5. Bd3 f6 6. O-O g5 7. exf6 exf6 8. Re1+ Be7 9. c3 O-O-O 10. Bxf5 Qxf5 11.
Nbd2 Bd6 12. Nf1 Nge7 13. Ng3 Qg6 14. Qe2 h5 15. h4 Bxg3 16. fxg3 gxh4 17. gxh4 Rhg8 18.
Bf4 Kb8 19. Qf2 Nf5 20. Re6 Qg4 21. Nh2 Qxh4 22. Bxc7+ Kxc7 23. Qxf5 Rg5 24. Nf3 Rxg2+ 25. Kxg2 Rg8+ 26. Kf1 Qh1+ 27. Ke2 Rg2+ 28. Ke3 Qxa1 29. Qxd5 Qxb2 30. Qd6+ Kb6 31. Qc5+ Ka6 32. Qc4+ Qb5 33. Qxb5+ Kxb5 34. Rxf6 Rxa2 35. Rf5+ Kc4 36. Rc5+ Kb3 37. d5 Ra5 38. Rxa5 Nxa5 39. Nd4+ Kxc3 40. d6 b6 41. d7 Nb7 42. Nc6 a5 43. d8=Q Nxd8 44. Nxd8 a4 45. Nc6 a3 46. Nd4 a2 47. Nb5+ Kb2 48.
Nd6 a1=Q 49. Nc4+ Kc3 50. Nd2 Qe1+ 51. Kf3 Qxd2 0-1

[Event "Early-Titled-Tuesday-Blitz-July-09-2024"]
[Site "Chess.com"]
[Date "2024.07.09"]
[Round "2"]
[White "Navyblue1"]
[Black "BobbyFischer1508"]
[Result "0-1"]
[WhiteElo "2117"]
[BlackElo "2446"]
[TimeControl "180+1"]
[EndTime "8:17:45 PDT"]
[Termination "BobbyFischer1508 won on time"]

1. d4 Nf6 2. c4 e6 3. Nf3 c5 4.
d5 g6 5. Nc3 Bg7 6. e4 d6 7.
Be2 O-O 8. O-O Re8 9. Nd2 Na6 10.
Re1 Nc7 11. h3 Rb8 12. a4 b6 13. Bd3 a6 14. Nf3 exd5 15. exd5 Rxe1+ 16. Qxe1 b5 17. axb5 axb5 18. cxb5 Ncxd5 19. Bg5 Nb4 20. Bb1 h6 21. Bh4 d5 22. Qe5 Bd7 23. Qd6 Rc8 24. Ne5 g5 25.
Bg3 d4 26. Nxd7 Qxd7 27. Qxd7 Nxd7 28. Ne4 Re8 29. Ra7 f5 30. Rxd7 fxe4 31. b6 e3 32. fxe3 dxe3 33. b7 e2 34. Kh2 Na6 35. Ba2+ Kh8 36.
Bc4 Nb8 37. Be1 Be5+ 38. Kh1 Bxb2 39. Bb5 Be5 40. Rd5 Re7 41. Rxc5 Kg7 0-1

[Event "Early-Titled-Tuesday-Blitz-July-09-2024"]
[Site "Chess.com"]
[Date "2024.07.09"]
[Round "2"]
[White "GMMikhailKazakov"]
[Black "MatthewG-p4p"]
[Result "0-1"]
[WhiteElo "2509"]
[BlackElo "2924"]
[TimeControl "180+1"]
[EndTime "8:17:46 PDT"]
[Termination "MatthewG-p4p won on time"]

1. d4 Nf6 2. c4 c5 3. d5 e6 4. Nc3 exd5 5. cxd5 d6 6. e4 g6 7. f4 Bg7 8. Bb5+ Nfd7 9. a4 O-O 10. Nf3 Na6 11.
O-O Nb4 12. Re1 a6 13. Bf1 Re8 14. Bd2 f5 15. Ng5 Nf8 16. e5 dxe5 17. fxe5 Bxe5 18. Rxe5 Rxe5 19. Bf4 Re8 20. Bc4 Qf6 21. Nf3 Bd7 22. Qd2 b5 23. Bf1 c4 24. Nxb5 axb5 25. Qxb4 Re4 26.
Bg5 Qb6+ 27. Kh1 Qf2 28. a5 f4 29. Qc3 Bg4 30. Bh6 Re7 31. d6 Rea7 32. Ng5 Qe3 33.
Qf6 Ne6 34. a6 Nxg5 35. Qxg5 Qe6 36. Qxf4 Bf5 37. Qg3 Rxa6 38. Re1 Qxd6 39. Qe3 Qd7 40. Qc3 Re6 41. h3 Rxe1 42. Qxe1 Re8 43. Qg3 Bd3 0-1

[Event "Early-Titled-Tuesday-Blitz-July-09-2024"]
[Site "Chess.com"]
[Date "2024.07.09"]
[Round "2"]
[White "Nemegejas"]
[Black "gafkens"]
[Result "0-1"]
[WhiteElo "2936"]
[BlackElo "2654"]
[TimeControl "180+1"]
[EndTime "8:17:47 PDT"]
[Termination "gafkens won by resignation"]

1. d4 g6 2. Nf3 Nf6 3. g3 Bg7 4.
Bg2 O-O 5. c4 d6 6. O-O Nbd7 7.
Nc3 e5 8. e4 exd4 9. Nxd4 Re8 10.
h3 a6 11. Re1 Rb8 12. a4 Nc5 13. a5 Bd7 14. f3 h5 15. Bg5 Ne6 16. Nxe6 Bxe6 17.
Nd5 Bxd5 18. cxd5 Qd7 19. h4 Nh7 20. Bc1 c5 21. Kh2 b5 22. axb6 Rxb6 23. Re2 Qb7 24. Ra2 Nf6 25. Qa4 Rb8 26. Bh3 Ra8 27. Bf4 Ne8 28. Bd7 Qb8 29. Bc6 Nc7 30. Bxa8 Qxa8 31. Qd7 Ne8 32. e5 dxe5 33. Bxe5 Bxe5 34. Rxe5 Nf6 35. Qc7 Rb7 36. Qc6 Kg7 37. d6 Rxb2+ 38. Rxb2 Qxc6 39. Rd2 Nd7 40. Re3 c4 41. Rc3 a5 42.
Rd4 Nb6 43. Rcxc4 Nxc4 44. d7 Ne5 45. d8=Q Nxf3+ 46. Kh3 Qc2 47. Rd2 Qxd2 0-1

[Event "Early-Titled-Tuesday-Blitz-July-09-2024"]
[Site "Chess.com"]
[Date "2024.07.09"]
[Round "2"]
[White "AsaHoffmann"]
[Black "KhamzinOlzhas"]
[Result "1-0"]
[WhiteElo "2383"]
[BlackElo "2562"]
[TimeControl "180+1"]
[EndTime "8:17:47 PDT"]
[Termination "AsaHoffmann won by resignation"]

1. d4 Nf6 2. Bg5 d5 3. e3 h6 4. Bh4 e6 5. Bd3 c5 6. c3 Nc6 7. f4 Be7 8. Nd2 b6 9. Ngf3 Bb7 10. O-O O-O 11. Kh1 cxd4 12. exd4 Ne8 13. Bg3 Nd6 14. Qe2 Bf6 15. Ne5 Ne7 16. Rae1 Nef5 17. Bf2 a5 18. g4 Ne7 19. Rg1 Bxe5 20. fxe5 Ne4 21. Nxe4 dxe4 22. Bxe4 Bxe4+ 23. Qxe4 Ng6 24. Rd1 Qg5 25. Bg3 a4 26. Rg2 a3 27. b3 Rac8 28. c4 Rfd8 29. d5 h5 30. gxh5 Qxh5 31. Rgd2 Ne7 32. Bh4 Rd7 33. Bxe7 Rxe7 34. d6 Rd7 35. Rg1 Rc5 36. Re2 g6 37.
b4 Rc8 38. Rc2 Kg7 39. c5 bxc5 40. bxc5 Ra7 41. c6 Rh8 42. c7 Raa8 43. d7 Ra5 44. d8=Q Rxe5 45. Qxh8+ Kxh8 46. Qxe5+ Qxe5 47. c8=Q+ Kh7 48. Qc6 Qf5 49. Qg2 Kg7 50. Rf2 Qe5 51. Rgf1 f5 52. Rg1 Kf6 53. Qxg6+ Ke7 54. Qg7+ 1-0

[Event "Early-Titled-Tuesday-Blitz-July-09-2024"]
[Site "Chess.com"]
[Date "2024.07.09"]
[Round "2"]
[White "MVM2008"]
[Black "Paladin61"]
[Result "0-1"]
[WhiteElo "2526"]
[BlackElo "2756"]
[TimeControl "180+1"]
[EndTime "8:17:48 PDT"]
[Termination "Paladin61 won by resignation"]

1. e4 e5 2. Nf3 Nc6 3. Nc3 Nf6 4. Nd5 h6 5. d4 exd4 6. Nxd4 Bc5 7. Nf5 O-O 8. Bd3 Nxd5 9. exd5 Re8+ 10. Be3 Bxe3 11. fxe3 Ne5 12. O-O d6 13. Qh5 Qg5 14. Qxg5 hxg5 15.
Rae1 a6 16. Ng3 Bd7 17. b3 b5 18. Bf5 b4 19. Bxd7 Nxd7 20. Nf5 Re5 21. Rd1 a5 22.
Rd4 Nb6 23. g4 Rae8 24. Rfd1 g6 25. Ng3 Rxe3 26. R1d3 Re1+ 27. Kf2 Ra1 28. Ne4 Kg7 29. Nxg5 Rxa2 30. Rf3 Rxc2+ 31. Kg3 Re7 32. Rdf4 Rc3 33. h4 Nxd5 34. Rd4 c6 35. h5 Rxf3+ 36. Nxf3 Re3 37. Kf2 Rxb3 38. Ng5 a4 39. Ne4 a3 40. g5 gxh5 41. Nxd6 a2 42. Nf5+ Kg6 43. Nh4+ Kxg5 44. Nf3+ Rxf3+ 45. Kxf3 a1=Q 46. Ke4 Qxd4+ 47. Kxd4 b3 0-1

[Event "Early-Titled-Tuesday-Blitz-July-09-2024"]
[Site "Chess.com"]
[Date "2024.07.09"]
[Round "2"]
[White "imdarealist"]
[Black "Potosino1970"]
[Result "0-1"]
[WhiteElo "2247"]
[BlackElo "2696"]
[TimeControl "180+1"]
[EndTime "8:17:48 PDT"]
[Termination "Potosino1970 won on time"]

1. d4 Nf6 2. Bf4 d6 3. e3 g6 4. Nf3 Bg7 5. h3 O-O 6. Bh2 Nbd7 7. a4 b6 8. c3 Bb7 9. Be2 c5 10. O-O a6 11. Nbd2 Ra7 12. Qb3 Qa8 13. Rfc1 Bd5 14. Qa3 Rc8 15. b4 cxd4 16. cxd4 Rac7 17. Rxc7 Rxc7 18. Rc1 Rxc1+ 19. Qxc1 Qb7 20. Bg3 h6 21. Qc3 Ne4 22. Nxe4 Bxe4 23. Qc4 Nb8 24. Ne1 Bd5 25. Qc3 b5 26. a5 Qc6 27. Qd2 Kf8 28. Bd3 Nd7 29. f3 f5 30. Bf2 h5 31. Qc2 Qxc2 32.
Bxc2 Bc4 33. Nd3 Nb8 34. Nf4 Kf7 35. h4 Nc6 36. Be1 e5 37. dxe5 dxe5 38. Nd3 Bf8 39. Nc5 Bxc5 40. bxc5 Ke6 41. g3 b4 42. e4 Nd4 43.
exf5+ gxf5 44. Bd1 b3 45. Bc3 Kd5 46. Kf2 Kxc5 47.
Ke3 Kd5 48. Kd2 Nb5 49. Ba1 Na7 50. Ke3 Nc6 51. Bc3 Ke6 52. f4 e4 53. Bxh5 Ne7 54. Bd1 Nd5+ 55. Kd4 Nxc3 56. Kxc3 e3 57. Kxc4 b2 0-1

[Event "Early-Titled-Tuesday-Blitz-July-09-2024"]
[Site "Chess.com"]
[Date "2024.07.09"]
[Round "2"]
[White "2Coaches1Profile"]
[Black "Millerkallpa"]
[Result "1-0"]
[WhiteElo "2565"]
[BlackElo "2237"]
[TimeControl "180+1"]
[EndTime "8:17:48 PDT"]
[Termination "2Coaches1Profile won by checkmate"]

1. e4 e5 2. d4 exd4 3. Qxd4 Nc6 4. Qe3 g6 5. Nc3 Bg7 6. Bd2 Nge7 7. O-O-O O-O 8. h4 d5 9. exd5 Nxd5 10. Qg3 Ndb4 11. Bc4 Qd4 12. Bb3 Na5 13. Nge2 Nxb3+ 14. axb3 Qf6 15.
Qxc7 Bf5 16. Bg5 Qa6 17. Be7 Rfc8 18. Qd6 Qxd6 19. Bxd6 Nxc2 20. g4 Bxg4 21. Kxc2 Bxe2 22. Rd2 Bf3 23. Rh3 Be4+ 24. Kd1 Bf5 25. Rg3 Bh6 26. f4 Rd8 27. Ke1 Rxd6 28. Rxd6 Bxf4 29. Rgd3 Bxd3 30. Rxd3 Re8+ 31. Kf2 b6 32. Rd7 Bb8 33. Nd5 Kg7 34.
Nb4 Be5 35. Rxa7 Bxb2 36. Nc6 Bd4+ 37. Nxd4 Re4 38. Nf3 Rb4 39. Ng5 Rxb3 40. Rxf7+ Kg8 41. Rb7 Rb4 42. Kg3 Rb3+ 43. Kf4 Rb4+ 44. Ne4 Kf8 45. Ke5 Rb5+ 46. Ke6 Kg8 47. Nf6+ Kh8 48. Rxh7# 1-0

[Event "Early-Titled-Tuesday-Blitz-July-09-2024"]
[Site "Chess.com"]
[Date "2024.07.09"]
[Round "2"]
[White "C_K_G"]
[Black "PositionalPanther"]
[Result "0-1"]
[WhiteElo "2238"]
[BlackElo "2479"]
[TimeControl "180+1"]
[EndTime "8:17:49 PDT"]
[Termination "PositionalPanther won on time"]

1. e4 d6 2. Nf3 Nf6 3. Nc3 e5 4. h3 Be7 5. d4 Nbd7 6. Be2 O-O 7.
O-O h6 8. Be3 Re8 9. Qd2 Bf8 10.
d5 Kh7 11. Nh2 g6 12. Ng4 Nxg4 13. hxg4 Bg7 14. g3 g5 15. Kg2 Nf6 16. Rh1 Kg8 17.
Bxg5 hxg5 18. Qxg5 Nxg4 19. Qh5 Nf6 20. Qh4 Kf8 21. Raf1 Ng8 22. Qh7 Qf6 23. Bb5 Re7 24.
f4 a6 25. Bd3 Qg6 26. Qh4 Bf6 27. Qh2 exf4 28. Rxf4 Be5 29. Rh4 Bg4 30. Rf1 Ke8 31. Rh7 Kd7 32. Qh4 Nf6 33. Rh6 Qg7 34. Na4 b5 35.
Nc3 Rg8 36. Nxb5 axb5 37. Bxb5+ Kd8 38. Rf2 Bh3+ 39. Qxh3 Qxg3+ 40. Qxg3 Rxg3+ 41. Kf1 Ng4 42. Rh8+ Bxh8 43. Rf4 Be5 0-1

[Event "Early-Titled-Tuesday-Blitz-July-09-2024"]
[Site "Chess.com"]
[Date "2024.07.09"]
[Round "2"]
[White "InitiatingASC"]
[Black "anderson2361"]
[Result "1-0"]
[WhiteElo "2424"]
[BlackElo "1929"]
[TimeControl "180+1"]
[EndTime "8:17:49 PDT"]
[Termination "InitiatingASC won by resignation"]

1. d4 d5 2. c4 e6 3. Nc3 a6 4. g3 dxc4 5. Bg2 c5 6. Qa4+ Bd7 7.
Qxc4 Nc6 8. dxc5 Qa5 9. Be3 Nh6 10. Bxh6 gxh6 11. Nf3 Qxc5 12. Qf4 Bg7 13. Rd1 Rd8 14. O-O O-O 15. Ne4 Qe7 16. Nd6 Be8 17. Nc4 e5 18. Qc1 f5 19. Nh4 Rxd1 20. Rxd1 Bd7 21. Nb6 Be6 22.
Bxc6 bxc6 23. Qxc6 Bxa2 24. Rd7 Qg5 25. Qc7 f4 26.
Nc8 Be6 27. Ne7+ Kh8 28. Rd8 fxg3 29. hxg3 e4 30. e3 h5 31. Rxf8+ Bxf8 32. Nc6 Bh3 33. Qb8 Kg8 34. Nd8 Qf6 35. Qb3+ Kg7 36. Nb7 Qe7 37. Na5 Be6 38. Qc3+ Qf6 39. Qc7+ Be7 40. Nc6 Kf8 41. Nxe7 Qxe7 42. Qf4+ Ke8 43. Qxe4 Kd7 44. Qb7+ Ke8 45. Qxa6 Bg4 46. Qa8+ Kf7 47. Qd5+ Ke8 48. Nf5 Qg5 49.
Nd6+ Kd7 50. Qxg5 Kxd6 51. Qf4+ 1-0

[Event "Early-Titled-Tuesday-Blitz-July-09-2024"]
[Site "Chess.com"]
[Date "2024.07.09"]
[Round "2"]
[White "HaryKane"]
[Black "evgchess5"]
[Result "1-0"]
[WhiteElo "2612"]
[BlackElo "2856"]
[TimeControl "180+1"]
[EndTime "8:17:50 PDT"]
[Termination "HaryKane won on time"]

1. e4 c5 2. Nf3 e6 3. d4 cxd4 4.
Nxd4 Nc6 5. Nc3 a6 6. Nb3 Nf6 7. Bd3 b5 8. O-O d6 9. Qe2 Be7 10. Bd2 O-O 11. Rae1 b4 12. Nd1 a5 13.
c3 a4 14. Nd4 Nxd4 15. cxd4 Qb6 16. Be3 Ba6 17. f4 Nxe4 18. f5 d5 19. Bxa6 Qxa6 20. Qg4 Bf6 21. Nf2 Nxf2 22. Rxf2 Rfe8 23. Qf3 Qd3 24.
fxe6 Rxe6 25. Rd2 Qe4 26. Qf1 Rae8 27. Bf2 Qf4 28. Red1 h5 29. h3 Re4 30. Qb5 Qf5 31. Qxa4 Bg5 32. Rd3 Re2 33. Rf3 Qc2 34. Qxc2 Rxc2 35.
h4 Bf6 36. a3 Rxb2 37. axb4 Rxb4 38. Rf5 Rb5 39. Rf1 Re4 40. Kh1 Bxd4 41. Bxd4 Rxd4 42. Rxf7 Rxh4+ 43. Kg1 Rg4 44. Rf8+ Kh7 45. R8f2 Kg6 46. Re1 Rb6 47. Kh2 Re6 48. Rxe6+ 1-0

[Event "Early-Titled-Tuesday-Blitz-July-09-2024"]
[Site "Chess.com"]
[Date "2024.07.09"]
[Round "2"]
[White "Herman-NY"]
[Black "NovakRatko"]
[Result "1-0"]
[WhiteElo "2559"]
[BlackElo "2359"]
[TimeControl "180+1"]
[EndTime "8:17:51 PDT"]
[Termination "Herman-NY won on time"]

1. e4 d5 2. exd5 c6 3. d4 cxd5 4. Bd3 Nc6 5. c3 g6 6. Qc2 e5 7. dxe5 Nxe5 8. Be2 Bf5 9. Bb5+ Nc6 10. Qe2+ Ne7 11. Bg5 Qd6 12. Nf3 f6 13. Bh4 Bg7 14.
O-O O-O 15. Bg3 Qc5 16. Rd1 a6 17. Ba4 Bg4 18. h3 Bh5 19. Nbd2 Kh8 20. Qf1 Qa5 21.
Bc2 d4 22. Nb3 Qb6 23. cxd4 Bxf3 24. gxf3 f5 25. d5 Nb4 26. d6 Nec6 27. Bd3 Bxb2 28. Kh1 Rad8 29. Bc4 Ne5 30. Rab1 Bc3 31. Rdc1 Nxc4 32.
Rxc3 Nxd6 33. Be5+ Kg8 34. Nc5 Nf7 35. Bf4 Qf6 36. Rc4 Nd5 37. Nxb7 Rd7 38. Bd2 f4 39. Nc5 Rc7 40. Ne4 Qf5 41. Rxc7 Nxc7 42. Bc3 Nd5 43. Ba1 Ng5 44. Nxg5 Qxg5 45. Rb7 Rf7 46. Qxa6 1-0

[Event "Early-Titled-Tuesday-Blitz-July-09-2024"]
[Site "Chess.com"]
[Date "2024.07.09"]
[Round "2"]
[White "CSB7"]
[Black "subham777"]
[Result "1-0"]
[WhiteElo "2784"]
[BlackElo "2551"]
[TimeControl "180+1"]
[EndTime "8:17:52 PDT"]
[Termination "CSB7 won by resignation"]

1. e4 e6 2. d4 d5 3. Nc3 Nf6 4. e5 Nfd7 5. f4 c5 6. Nf3 Nc6 7. Be3 Be7 8. Qd2 a6 9. Bd3 b5 10. Qf2 Qb6 11. O-O g6 12. Kh1 h6 13. Nd1 Bb7 14. c3 a5 15. a3 Kd8 16. dxc5 Bxc5 17. Nd4 Nxd4 18. cxd4 Be7 19. Nc3 Ba6 20. Qe2 b4 21. Nb5 Rb8 22. a4 Ke8 23. Rac1 Kf8 24. g4 Bb7 25. Kg1 Bc6 26. h3 Ke8 27. Kh2 Rc8 28.
f5 gxf5 29. gxf5 Qb8 30. fxe6 fxe6 31. Qh5+ Kd8 32. Rf7 Bxb5 33. Bxb5 Rxc1 34. Bxc1 Qc7 35. Qd1 h5 36. Bf4 Bh4 37. Rxd7+ Qxd7 38. Bxd7 Kxd7 39. Qd3 Rb8 40. Qh7+ Kc6 41. Qxh5 Be7 42. Qf7 Kd7 43. Bg5 Re8 44. h4 Kd8 45. Kh3 Bxg5 46. hxg5 Re7 47. Qf8+ Re8 48. Qd6+ 1-0

[Event "Early-Titled-Tuesday-Blitz-July-09-2024"]
[Site "Chess.com"]
[Date "2024.07.09"]
[Round "2"]
[White "chesslh93"]
[Black "Mr_ruthless"]
[Result "1/2-1/2"]
[WhiteElo "2333"]
[BlackElo "2519"]
[TimeControl "180+1"]
[EndTime "8:17:52 PDT"]
[Termination "Game drawn by repetition"]

1. e4 c5 2. Nf3 Nc6 3. d4 cxd4 4. Nxd4 g6 5. Nc3 Bg7 6. Be3 Nf6 7. Bc4 Qa5 8. O-O O-O 9. Bb3 d6 10. h3 Bd7 11. Re1 a6 12. Nf3 b5 13. Nd5 Nxd5 14. exd5 Ne5 15. Nxe5 Bxe5 16. Bd4 Qc7 17. Bxe5 dxe5 18.
Qe2 a5 19. a3 a4 20. Ba2 Rfe8 21. c3 Qd6 22. Qxe5 Rac8 23. Re3 h5 24. Rae1 Qxe5 25.
Rxe5 Kf8 26. R5e3 Bf5 27. Bb1 Bxb1 28. Rxb1 Rc5 29. Rd1 Rd8 30. Red3 h4 31. Rd4 g5 32.
Kf1 Rd6 33. g3 hxg3 34. fxg3 Kg7 35. Kg2 f5 36. h4 g4 37. Kf2 Kf6 38. Ke3 e5 39.
dxe6 Rxe6+ 40. Kf2 Rce5 41. R4d2 Re3 42. Kg2 Re2+ 43.
Kf1 R2e3 44. Kf2 Rf3+ 45. Kg2 Ree3 46. Rd6+ Ke7 47. Rd7+ Ke8 48. Rd8+ Ke7 49. R8d7+ Ke6 50.
R7d6+ Ke7 51. Rd7+ 1/2-1/2

[Event "Early-Titled-Tuesday-Blitz-July-09-2024"]
[Site "Chess.com"]
[Date "2024.07.09"]
[Round "2"]
[White "abelmat"]
[Black "Payyappat"]
[Result "1-0"]
[WhiteElo "2124"]
[BlackElo "2420"]
[TimeControl "180+1"]
[EndTime "8:17:53 PDT"]
[Termination "abelmat won on time"]

1. d4 Nf6 2. c4 c5 3. Nf3 e6 4.
Nc3 cxd4 5. Nxd4 Nc6 6. g3 d5 7.
cxd5 Nxd5 8. Bg2 Bc5 9. Nxc6 bxc6 10. O-O O-O 11. Qa4 Qb6 12. Qh4 Bd4 13. Na4 Qb4 14. Bxd5 exd5 15. e3 Qxa4 16. Qxd4 Qc2 17. b3 Qe2 18.
Bb2 f6 19. Rfe1 Qh5 20. Rac1 Bh3 21. Qh4 Qf5 22. Rxc6 g5 23. Qh6 Rac8 24. Rxf6 Rxf6 25. Qxf6 Qxf6 26. Bxf6 Rc2 27. Bxg5 Rxa2 28. Rb1 Kf7 29. b4 Ke6 30. Bf4 Kf5 31. b5 Ke4 32. Rd1 Kf3 33.
Rc1 Rxf2 34. b6 axb6 35. Rb1 b5 36. Bd6 Re2 37. Rc1 b4 38. Bxb4 Rxe3 39. Rc3 d4 40.
Rxe3+ 1-0

[Event "Early-Titled-Tuesday-Blitz-July-09-2024"]
[Site "Chess.com"]
[Date "2024.07.09"]
[Round "2"]
[White "Vaathi_Coming"]
[Black "Galileo22"]
[Result "1-0"]
[WhiteElo "2910"]
[BlackElo "2613"]
[TimeControl "180+1"]
[EndTime "8:17:54 PDT"]
[Termination "Vaathi_Coming won on time"]

1. c4 e6 2. e4 c5 3. Nf3 Nc6 4.
Nc3 Nge7 5. d4 cxd4 6. Nxd4 Nxd4 7. Qxd4 Nc6 8. Qe3 b6 9. Bd3 Bc5 10. Qg3 O-O 11. O-O Bb7 12. Bh6 Qf6 13. Bg5 Qe5 14. Bf4 Qh5 15. e5 f6 16. Be2 Qf5 17. Bd3 Qh5 18.
exf6 Rxf6 19. Ne4 Rg6 20. Ng5 Nd4 21. Rfe1 Rf8 22. Bxg6 Qxg6 23. Rad1 Qh5 24. Rd2 h6 25. Ne4 Nf5 26. Qd3 Bc6 27. Nxc5 bxc5 28. f3 Qh4 29. Bg3 Nxg3 30. hxg3 Qxg3 31. Rf1 Rf4 32. Qe3 Rh4 33. Qxc5 Qh2+ 34. Kf2 Qf4 35. Qe3 Qxc4 36. b3 Qb4 37. Rfd1 Rh2 38. Rd4 Qa5 39. R1d2 Qh5 40. Rg4 Qf5 41. Qf4 Qc5+ 42. Kg3 Qh5 43. Qb8+ Kh7 44.
Qf8 1-0

[Event "Early-Titled-Tuesday-Blitz-July-09-2024"]
[Site "Chess.com"]
[Date "2024.07.09"]
[Round "2"]
[White "xakevicius91"]
[Black "MetiForce"]
[Result "1-0"]
[WhiteElo "2603"]
[BlackElo "2835"]
[TimeControl "180+1"]
[EndTime "8:17:54 PDT"]
[Termination "xakevicius91 won on time"]

1. e4 c5 2. Nf3 d6 3. Bc4 e6 4. O-O Nf6 5. Qe2 a6 6. a4 Nc6 7. c3 Ne5 8. Bb3 Qb6 9. Bc2 Nxf3+ 10. Qxf3 e5 11. a5 Qa7 12. d4 cxd4 13. cxd4 exd4 14. Bg5 Be7 15. Bxf6 Bxf6 16. Ba4+ Ke7 17. Nd2 Be6 18. Qg3 d3 19. Qxd3 Qd4 20. Qe2 Rhc8 21. Rfd1 Rc7 22. Kh1 Rac8 23. h3 Qxb2 24. Rab1 Qa3 25. Bb3 Qxa5 26.
f4 Bc3 27. e5 dxe5 28. Ne4 Bxb3 29. Rxb3 Kf8 30. f5 Bd4 31. f6 Rc1 32. Rb1 Rxb1 33.
Rxb1 g6 34. Qg4 Rb8 35. Qh4 Ke8 36. Qxh7 Qa3 37. Qg8+ Qf8 38. Qh7 b5 39. Rc1 b4 40.
Rc7 b3 41. Nd6+ Kd8 42. Rxf7 Qxd6 43. Qg8+ 1-0

[Event "Early-Titled-Tuesday-Blitz-July-09-2024"]
[Site "Chess.com"]
[Date "2024.07.09"]
[Round "2"]
[White "mwpchess"]
[Black "guillembaches"]
[Result "1-0"]
[WhiteElo "2759"]
[BlackElo "2535"]
[TimeControl "180+1"]
[EndTime "8:17:54 PDT"]
[Termination "mwpchess won on time"]

1. e4 d5 2. exd5 Qxd5 3. Nc3 Qa5 4. d4 Nf6 5. Nf3 Bf5 6. Bd2 e6 7.
Bc4 Bb4 8. a3 Bxc3 9. Bxc3 Qb6 10.
d5 Nbd7 11. dxe6 Bxe6 12. Qe2 O-O 13. Bxe6 Rfe8 14. Ng5 fxe6 15. O-O h6 16. Ne4 Nxe4 17. Qxe4 Re7 18. Rad1 Rf8 19. Qd4 Qc6 20. f3 b6 21.
Bb4 Nc5 22. Bxc5 bxc5 23. Qc3 e5 24. Qc4+ Kh8 25. Rd5 Qg6 26. Qxc5 Rfe8 27. Rd2 e4 28. fxe4 Qxe4 29. Qxa7 Re6 30. Qd4 Qc6 31. Rdf2 Rg6 32. Qd3 Re4 33. h3 Kh7 34. Qf3 Qe6 35. Qf5 Qc6 36.
b3 Re3 37. a4 Rg3 38. Kh1 Rxg2 39. Qf3 Qxf3 40. Rxf3 Rxc2 41. Rg1 Re6 42. Rfg3 g5 43.
h4 Ree2 44. R3g2 gxh4 45. Rxe2 Rxe2 46. Rc1 Re7 47. a5 Kg6 48. b4 Kf5 49. b5 Re5 50.
Rb1 Ke6 51. b6 cxb6 52. axb6 1-0

[Event "Early-Titled-Tuesday-Blitz-July-09-2024"]
[Site "Chess.com"]
[Date "2024.07.09"]
[Round "2"]
[White "Alenzer"]
[Black "TitarovVasiliYouTube"]
[Result "1-0"]
[WhiteElo "2178"]
[BlackElo "2535"]
[TimeControl "180+1"]
[EndTime "8:17:54 PDT"]
[Termination "Alenzer won by resignation"]

1. e4 Nf6 2. e5 Nd5 3. d4 d6 4. Bc4 Nb6 5. Bb3 dxe5 6. Qh5 e6 7. dxe5 Nc6 8. Nf3 Be7 9. O-O O-O 10. Nc3 Na5 11.
Ne4 Nxb3 12. axb3 Bd7 13. Bg5 Bc6 14. Nf6+ gxf6 15. Bh6 f5 16. Bxf8 Qxf8 17. h4 Qg7 18. Kh1 Qg6 19. Qxg6+ hxg6 20. c3 Bxf3 21. gxf3 Bxh4 22.
Kg2 Kg7 23. Rh1 Be7 24. c4 a5 25. Rad1 Bc5 26. Rh4 a4 27. bxa4 Rxa4 28. b3 Ra8 29.
Rdh1 Rg8 30. f4 Be7 31. Rh7+ Kf8 32. Ra1 Rg7 33. Rh8+ Rg8 34. Rh7 Ke8 35. Ra7 Kd7 36. Rxb7 Ra8 37. Rxf7 Kc6 38. Rxb6+ cxb6 39. Rxe7 Kc5 40.
Rxe6 Ra3 41. Rxg6 Rxb3 42. Rf6 Kxc4 43. Rxf5 Kd4 44. Rf8 Kd5 45. Rd8+ Ke6 46. Rd6+ Ke7 47. f3 b5 48. Kg3 b4 49. Kg4 Rb1 50. Rb6 b3 51. Kf5 b2 52. Rb7+ Kd8 53. Ke6 Kc8 54. Rb5 Kc7 55. f5 Kc6 56. Rb3 Kc5 57. f6 Kc4 58. Rb8 Rf1 59. Rxb2 Rxf3 60. f7 Rf2 61. Rxf2 1-0

[Event "Early-Titled-Tuesday-Blitz-July-09-2024"]
[Site "Chess.com"]
[Date "2024.07.09"]
[Round "2"]
[White "familijatop71"]
[Black "betta2004"]
[Result "1/2-1/2"]
[WhiteElo "2321"]
[BlackElo "2510"]
[TimeControl "180+1"]
[EndTime "8:17:54 PDT"]
[Termination "Game drawn - insufficient material"]

1. e4 c6 2. d4 d5 3. e5 c5 4. c3 Nc6 5. Be2 Bf5 6. Nf3 e6 7. O-O h6 8. a3 Nge7 9. b4 cxd4 10. cxd4 g5 11. Bb2 Bg7 12. Nc3 O-O 13. Nb5 Bg6 14. Nd6 b6 15. Rc1 f6 16. Bb5 Nb8 17.
Nb7 Qc8 18. Rxc8 Rxc8 19. Nd6 Rc2 20. Bc1 fxe5 21. dxe5 Nbc6 22. Bd3 Rc3 23. Bxg6 Nxg6 24.
Bb2 Rxf3 25. Qxf3 Ncxe5 26. Bxe5 Nxe5 27. Qe2 Rd8 28. Nb5 d4 29. Rd1 d3 30. Qe3 Kf7 31.
Nd4 Rxd4 32. Qxd4 Nf3+ 33. gxf3 Bxd4 34. Rxd3 e5 35. Kf1 Ke6 36. Ke2 Kd5 37. Rd1 a6 38.
Kd3 b5 39. Rd2 h5 40. Rc2 g4 41. fxg4 e4+ 42. Ke2 hxg4 43. Rc8 Bb2 44. Ra8 Bxa3 45. Rxa6 Bxb4 46. Rg6 Bd6 47. Rxg4 Bxh2 48. Rg5+ Kc4 49. Rh5 Bd6 50. Ke3 Bc5+ 51. Kxe4 Bxf2 52. Rxb5 Kxb5 1/2-1/2

[Event "Early-Titled-Tuesday-Blitz-July-09-2024"]
[Site "Chess.com"]
[Date "2024.07.09"]
[Round "2"]
[White "jaskol95"]
[Black "eljanov"]
[Result "1-0"]
[WhiteElo "2643"]
[BlackElo "2913"]
[TimeControl "180+1"]
[EndTime "8:17:55 PDT"]
[Termination "jaskol95 won on time"]

1. d4 d5 2. Nc3 Nf6 3. Bf4 e6 4. Nb5 Na6 5. e3 Be7 6. Nf3 O-O 7. Bd3 Nh5 8. Bg3 g6 9. O-O c6 10. Nc3 Nb4 11. Be2 Nxg3 12. hxg3 c5 13. Ne5 Nc6 14. Nxc6 bxc6 15. Na4 cxd4 16. exd4 Qa5 17. c3 Ba6 18. Bxa6 Qxa6 19. b4 Qc4 20. Qb3 Qd3 21. Rfd1 Qf5 22. Nc5 Kg7 23. a4 h5 24. b5 Rac8 25. bxc6 Bxc5 26.
dxc5 Rxc6 27. Qb7 Rxc5 28. Qxa7 Rxc3 29. a5 Qe5 30. Re1 Qc7 31. Qd4+ Kg8 32. a6 Rc4 33.
Qf6 Ra8 34. Reb1 Ra7 35. Kh2 Rc6 36. Rb7 Rxb7 37. axb7 Qxb7 38. Qd8+ Kg7 39. Ra8 g5 40. Qxg5+ Kh7 41. Qxh5+ Kg7 42. Rh8 e5 43. Qxe5+ Rf6 44.
Qh5 Re6 45. Qh7+ Kf6 46. Qh4+ Kg7 47. Rh7+ Kg8 48. Rh5 Qc8 49. Rh8+ 1-0